 Dungeon Crawl Stone Soup version 0.27-a0-828-g8289197e94 (webtiles) character file.

Game seed: 15708951388068624647

250 polve the Changer (level 5, -4/40 HPs)
             Began as a Draconian Transmuter on Mar 30, 2021.
             Killed by divine providence
             ... invoked by an orc priest
              (14 damage)
             ... on level 4 of the Dungeon.
             The game lasted 00:03:03 (3321 turns).

polve the Changer (Draconian Transmuter)            Turns: 3321, Time: 00:03:04

Health: -4/40      AC: 12    Str: 13    XL:     5   Next: 88%
Magic:  7/8        EV: 12    Int: 14    God:
Gold:   60         SH:  0    Dex: 11    Spells: 0/8 levels left

rFire    . . .     SeeInvis .   h - +1 dagger (protect)
rCold    . . .     Faith    .   (no shield)
rNeg     . . .     Spirit   .   (armour unavailable)
rPois    .         Reflect  .   (helmet currently unavailable)
rElec    .         Harm     .   (no cloak)
rCorr    .         Rampage  .   (no gloves)
Will     .....                  (boots currently unavailable)
Stlth    +.........             (no amulet)
HPRegen  0.13/turn              (no ring)
MPRegen  0.11/turn              (no ring)

@: appendages, protection aura
A: horns 2, talons 2, AC +5, unfitting armour, cold-blooded
a: End Transformation


You were on level 4 of the Dungeon.
You had temporarily grown beastly horns and talons.
You visited 1 branch of the dungeon, and saw 4 of its levels.

You collected 60 gold pieces.

Inventory:

Hand Weapons
 h - a +1 dagger of protection (weapon)
Wands
 g - a wand of charming (11)
Scrolls
 b - a scroll of blinking {unknown}
 c - a scroll of fog {unknown}
 d - 2 scrolls of identify {unknown}
 f - a scroll of enchant armour {unknown}
Potions
 a - a potion of brilliance
 e - a potion of haste


   Skills:
 - Level 1.1 Fighting
 - Level 1.7 Dodging
 - Level 3.0 Unarmed Combat
 - Level 2.0 Spellcasting
 + Level 6.2 Transmutations


You couldn't memorise any spells.
You knew the following spells:

 Your Spells              Type           Power      Damage    Failure   Level
a - Beastly Appendage     Tmut           36%        N/A       1%          1
b - Blink                 Tloc           N/A        N/A       34%         2
c - Hydra Form            Tmut           9%         N/A       45%         5

Your spell library contained the following spells:

 Spells                   Type           Power      Damage    Failure   Level
 Wereblood                Tmut           18%        N/A       2%          2
 Spider Form              Tmut/Pois      5%         N/A       21%         3
 Magic Dart               Conj           4%         1d3       24%         1
 Call Imp                 Summ           1%         N/A       34%         2
 Slow                     Hex            1%         N/A       34%         2
 Ice Form                 Ice/Tmut       10%        N/A       54%         4
 Conjure Flame            Conj/Fire      1%         6-21      56%         3
 Mephitic Cloud           Conj/Pois/Air  1%         N/A       56%         3


Dungeon Overview and Level Annotations

Branches:
Dungeon (4/15)
 Temple: D:4-7

Altars:

Shops:
D:1 *


Innate Abilities, Weirdness & Mutations

You have temporarily grown beastly horns and talons.
Your plain brown scales are hard. (AC +5)
You cannot fit into any form of body armour.
You are cold-blooded and may be slowed by cold attacks.


Message History

You feel less wooden.
You start resting.
An orc comes into view. It is wielding a +0 club.
Things that are here:
a +1 dagger of protection; a +0 robe; an orc corpse Your +1 dagger of protection hums with potential!
h - a +1 dagger of protection (weapon)
The orc shouts!
An orc comes into view.
It is wielding a +0 dagger and carrying a wand of paralysis (6).
You see here a hobgoblin corpse.
The orc throws a stone.
The stone closely misses you.
You feel a little less clever now.
Things that are here:
a +0 leather armour of fire resistance; a +0 dagger An orc is nearby!
Casting: Beastly Appendage (safe; 1% risk of failure)
Confirm with . or Enter, or press ? or * to list all spells.
You grow a pair of large bovine horns.
Your feet morph into talons.
You barely miss the orc. Your kick misses the orc.
The orc hits you with a +0 club.
* * * LOW HITPOINT WARNING * * *
You hit the orc.
Your weapon exudes an aura of protection.
The orc is moderately wounded.
An orc priest comes into view. It is wielding a +0 dagger.
The orc hits you but does no damage.
You hit the orc. You claw the orc.
You kill the orc!
You hit the orc priest. Your kick misses the orc priest.
The orc priest is moderately wounded.
The orc priest closely misses you.
You hit the orc priest but do no damage.
Your tail-slap misses the orc priest.
The orc priest is moderately wounded.
The orc priest barely misses you.
You barely miss the orc priest. You claw the orc priest.
The orc priest is moderately wounded.
The orc priest mumbles some strange prayers to Beogh against you.
Beogh smites you!
You die...

### ### #.# #.# ... ..# #.# #.#
###.# ######.# #.# #.#
#...###...##.# #.# #..
########.###.....##.#######.#####
.K.....(......................>..
##....<..###.....##.#.###.#.#####
#...###..#####.#).#.#.###........
#.. ###...o....#@##.#........####
# #....#######o##.#........# #.
#...............#........###)
#....#######.................
#.......# #####.............
#....##.# #............. ..
#.....#.# #............. #.
#.....#.########.............
.####.###..........##..........


You could see an orc priest.

Vanquished Creatures
  2 hounds
  An orc priest (D:4)
  An orc wizard (D:4)
  An iguana (D:4)
  A hound skeleton (D:4)
  2 adders
  A white imp (D:3)
  2 worms
  2 dart slugs (D:1)
  8 orcs
  4 endoplasms
  3 giant cockroaches
  3 goblins
  5 hobgoblins
  4 quokkas
  6 ball pythons
  4 bats (D:1)
  A frilled lizard (D:1)
  3 kobolds
  2 rats (D:1)
56 creatures vanquished.

Notes
Turn   | Place    | Note
-------+----------+-------------------------------------------
     0 | D:1      | polve the Draconian Transmuter began the quest for the Orb.
     0 | D:1      | Reached XP level 1. HP: 16/16 MP: 3/3
   103 | D:1      | Reached XP level 2. HP: 15/23 MP: 5/5
   243 | D:1      | Reached skill level 3 in Transmutations
   384 | D:1      | Found Eronwent's Assorted Antiques.
   612 | D:1      | Reached XP level 3. HP: 28/28 MP: 6/6
  1115 | D:2      | You fall into a shaft and drop 2 floors!
  1132 | D:4      | Reached skill level 4 in Transmutations
  1430 | D:4      | Reached XP level 4. HP: 17/35 MP: 5/7
  1633 | D:4      | Noticed a scorpion
  2097 | D:3      | Reached skill level 5 in Transmutations
  2112 | D:3      | Reached XP level 5. HP: 16/40 MP: 8/8
  2410 | D:3      | Learned a level 2 spell: Blink
  2416 | D:3      | Learned a level 5 spell: Hydra Form
  3208 | D:4      | Reached skill level 6 in Transmutations
  3321 | D:4      | Killed from afar by an orc priest

Illustrated notes

Levels and vault maps discovered:
D:1:      dpeg_arrival_tiny_g, layout_rooms, serial_shops, shop
D:2:      layout_basic, chequers_ecumenical_altar_lobes, uniq_sigmund,
          uniq_natasha
D:3:      layout_basic, small_statue_alley_b, kennysheep_generic_room_3
D:4:      layout_basic, led_sif_book

Skill      XL: |  1  2  3  4  5 |
---------------+----------------+-----
Transmutations | 3 4 5 6 |  6.2
Fighting       | |  1.1
Dodging        | |  1.7
Unarmed Combat | |  3.0
Spellcasting   | |  2.0

Action                   |  1- 3 |  4- 6 || total
-------------------------+-------+-------++-------
Melee: Unarmed           |   103 |   145 ||   248
       Tailslap          |     9 |    16 ||    25
       Kick              |    15 |    21 ||    36
       Punch             |     1 |     2 ||     3
       Headbutt          |     8 |     9 ||    17
       Dagger            |       |     6 ||     6
 Cast: Beastly Appendage |    13 |    12 ||    25
  Use: Potion            |     1 |     2 ||     3
 Stab: Sleeping          |     2 |       ||     2
Armor: Skin              |    34 |    38 ||    72
Dodge: Dodged            |    50 |    78 ||   128

Table legend: (Time is in decaauts)
 A = Elapsed time spent in this place.
 B = Non-inter-level travel time spent in this place.
 C = Inter-level travel time spent in this place.
 D = Time resting spent in this place.
 E = Time spent auto-exploring this place.
 F = Levels seen in this place.
 G = Mean time per level.
                   A        B        C        D        E       F      G
               +--------+--------+--------+--------+--------+-----+--------+
         Total |   3296 |   3258 |     38 |     30 |   2682 |   4 |  824.0 |
       Dungeon |   3296 |   3258 |     38 |     30 |   2682 |   4 |  824.0 |
               +--------+--------+--------+--------+--------+-----+--------+

Top non-repeatable levels by time:
     D:3: 1381 daAuts
     D:4: 803 daAuts
     D:1: 704 daAuts
     D:2: 406 daAuts
